 Dungeon Sprint DCSS version 0.24.0-1-gfbc8707 (webtiles) character file.

Game seed: 2727192472960855249, levelgen mode: deterministic

91 Fang the Skirmisher (level 4, -1/48 HPs)
             Began as a Gargoyle Berserker on Nov 4, 2019.
             Was a Priest of Trog.
             Slain by a human
             ... wielding a +0 hand axe
              (10 damage)
             ... in the Dungeon (Sprint III: "The Ten Rune Challenge").
             The game lasted 00:00:58 (648 turns).

Fang the Skirmisher (Gargoyle Berserker)             Turns: 648, Time: 00:00:59

Health: -1/48      AC:  6    Str: 27    XL:     4   Next: 59%
Magic:  4/4        EV: 13    Int:  7    God:    Trog [***...]
Gold:   0          SH:  0    Dex:  9    Spells: 3/3 levels left

rFire    . . .     SeeInvis .   a - +0 hand axe
rCold    . . .     Gourm    .   (no shield)
rNeg     + . .     Faith    .   b - +0 animal skin
rPois    ∞         Spirit   .   (no helmet)
rElec    +         Reflect  .   (no cloak)
rCorr    .         Harm     .   (no gloves)
MR       .....     NoTele   +   (no boots)
Stlth    ..........             (no amulet)
HPRegen  0.16/turn              (no ring)
MPRegen  0.09/turn              (no ring)

@: berserking, starving, very quick
A: negative energy resistance 1, electricity resistance, unbreathing,
petrification resistance, rot immunity, AC +3
a: Berserk, Trog's Hand, Renounce Religion


You were in the Dungeon.
You worshipped Trog.
Trog was most pleased with you.
You were starving.

You visited 1 branch

Inventory:

Hand Weapons
 a - a +0 hand axe (weapon)
Armour
 b - a +0 animal skin (worn)
Scrolls
 i - a scroll of blinking
Potions
 d - a potion of curing
 e - a potion of heal wounds
 f - a potion of haste
 g - 2 potions of magic
 h - a potion of berserk rage
Comestibles
 c - a ration


   Skills:
 + Level 5.7 Fighting
 + Level 4.7 Axes
 + Level 5.1 Armour
 + Level 3.8 Dodging


You had 3 spell levels left.
You didn't know any spells.
Your spell library was empty.

Dungeon Overview and Level Annotations

Branches:
Dungeon (1/1)

Altars:
Okawaru
Trog
Uskayaw
Wu Jian
Beogh


Innate Abilities, Weirdness & Mutations

You are resistant to torment.
Your stone body is resilient. (AC +3)
You are immune to poison.
You resist negative energy. (rN+)
You are resistant to electric shocks. (rElec)
You can survive without breathing.
You are immune to petrification.
You are immune to rotting.


Message History

You are too injured to fight recklessly!
You are too injured to fight recklessly!
You are too injured to fight recklessly!
You are too injured to fight recklessly!
You are too injured to fight recklessly!
You are too injured to fight recklessly!
You closely miss the human. You hit the human but do no damage.
The human hits you with a +0 hand axe!
* * * LOW HITPOINT WARNING * * *
You are starving!
You slice the human!!
The human is moderately wounded.
You closely miss the human. The human hits you but does no damage.
You slash the human!
The human is heavily wounded.
You hit the human but do no damage. The human barely misses you.
You closely miss the human.
The human is heavily wounded.
You hit the human. The human hits you with a +0 hand axe!
You die...

▓▓ ▓▓▓ .#### ##.# #####
....## #..# #___#
.....# #..# #pp.#
##...# #..###+#@###+##
###..# +#..#..........#
.##..# #...'.⌠........#
##.÷####...#...######+#
##..###....#.⌠.#
#...##.....#...#
....#......#+###
..##.#.....# ..
####....#


You could see 2 humans.

Vanquished Creatures
  A water elemental (D)
  A human (D)
  2 oozes (D)
  A phantom (D)
  2 rats (D)
7 creatures vanquished.

Vanquished Creatures (others)
  2 draconian scorchers (D)
  6 hellions (D)
  A yaktaur (D)
  2 plants (D)
11 creatures vanquished.

Grand Total: 18 creatures vanquished

Notes
Turn   | Place    | Note
-------+----------+-------------------------------------------
     0 | D        | Fang the Gargoyle Berserker began the quest for the Orb.
     0 | D        | Reached XP level 1. HP: 14/14 MP: 1/1
    18 | D        | Reached XP level 2. HP: 10/20 MP: 2/2
   108 | D        | Killed a hellion
   131 | D        | Killed a hellion
   131 | D        | Killed a hellion
   132 | D        | Killed a hellion
   133 | D        | Killed a hellion
   134 | D        | Killed a hellion
   141 | D        | Killed a white draconian scorcher
   180 | D        | Killed a yaktaur
   182 | D        | Killed a white draconian scorcher
   191 | D        | Reached ** piety under Trog
   221 | D        | Reached XP level 3. HP: 11/24 MP: 3/3
   422 | D        | Noticed a water elemental
   429 | D        | Killed a water elemental
   429 | D        | Reached *** piety under Trog
   429 | D        | Reached skill level 5 in Fighting
   429 | D        | Reached skill level 5 in Armour
   429 | D        | Reached XP level 4. HP: 12/32 MP: 4/4
   640 | D        | Found a hide-covered altar of Uskayaw.
   640 | D        | Found a roughly hewn altar of Beogh.
   640 | D        | Found an iron altar of Okawaru.
   640 | D        | Found a bloodstained altar of Trog.
   640 | D        | Found an ornate altar of the Wu Jian Council.
   640 | D        | Noticed a human
   641 | D        | Noticed a human
   648 | D        | Slain by a human

Levels and vault maps discovered:
D:        dungeon_sprint_mu [sprint_mu_entry_cave, sprint_mu_temple_rooms,
          sprint_mu_d1_horrors, sprint_mu_d2_genie, sprint_mu_d3_branching,
          sprint_mu_orc_legion, sprint_mu_elf_gauntlet, sprint_mu_hive_nellie,
          sprint_mu_lair_fedhas, sprint_mu_vaults_butterflies,
          sprint_mu_slime_circle, sprint_mu_swamp_cave, sprint_mu_snake_twists,
          sprint_mu_blade_basic, sprint_mu_crypt_chambers,
          sprint_mu_tomb_spiral, sprint_mu_vestibule_basic,
          sprint_mu_gehenna_hellfire, sprint_mu_dis_giant,
          sprint_mu_tartarus_statrot, sprint_mu_cocytus_islands, sprint_mu_zot1]

Skill      XL: |  1  2  3 |
---------------+----------+-----
Axes           | 3 4 |  4.7
Dodging        | 2 3 |  3.8
Fighting       | 4 5 |  5.7
Armour         | 3 4 5 |  5.1

Action                   |  1- 3 |  4- 6 || total
-------------------------+-------+-------++-------
Melee: Hand axe          |    31 |     6 ||    37
Invok: Berserk           |     2 |     1 ||     3
 Stab: Sleeping          |     1 |       ||     1
Armor: Animal skin       |     1 |     2 ||     3
Dodge: Dodged            |    20 |     2 ||    22
